 Dungeon Crawl Stone Soup version 0.29-a0-553-g81b289dbe5 (webtiles) character file.

Game seed: 506529429238891952

783 bande the Chopper (level 7, -1/44 HPs)
             Began as a Gargoyle Fighter on June 7, 2022.
             Was an Initiate of Okawaru.
             Slain by a scorpion (5 damage)
             ... on level 6 of the Dungeon.
             The game lasted 00:08:11 (5463 turns).

bande the Chopper (Gargoyle Fighter)                Turns: 5463, Time: 00:08:12

Health: -1/44      AC: 16    Str: 19    XL:     7   Next: 86%
Magic:  8/8        EV:  7    Int:  9    God:    Okawaru [......]
Gold:   173        SH:  5    Dex: 11    Spells: 6/6 levels left

rFire   . . .      SeeInvis .   a - +1 war axe (freeze)
rCold   . . .      Faith    .   c - +0 buckler
rNeg    + . .      Spirit   .   m - +0 chain mail
rPois   ∞          Reflect  .   (no helmet)
rElec   +          Harm     .   (no cloak)
rCorr   .          Rampage  .   (no gloves)
Will    .....                   A - +1 pair of boots
Stlth   ..........              (no amulet)
HPRegen 0.14/turn               (no ring)
MPRegen 0.11/turn               (no ring)

@: no status effects
A: sickness immunity, AC +4, negative energy resistance 1, electricity
resistance, torment resistance 1, petrification resistance
a: Renounce Religion


You were on level 6 of the Dungeon.
You worshipped Okawaru.
Okawaru was noncommittal.
You visited 2 branches of the dungeon, and saw 7 of its levels.

You collected 173 gold pieces.

Inventory:

Hand Weapons
 a - a +1 war axe of freezing (weapon)
 t - a +0 flail
Armour
 c - a +0 buckler (worn)
 m - a +0 chain mail (worn)
 A - a +1 pair of boots (worn)
Jewellery
 p - a ring of fire
Wands
 z - a wand of polymorph (3)
Scrolls
 f - 2 scrolls of fear
 i - 3 scrolls of teleportation
 k - 2 scrolls of identify
 n - a scroll of poison
 u - 2 scrolls of blinking
Potions
 b - a potion of attraction {unknown}
 d - a potion of resistance {unknown}
 e - 3 potions of curing
 g - 3 potions of flight {unknown}
 h - a potion of degeneration {unknown}
 s - 2 potions of lignification {unknown}
 w - a potion of heal wounds {unknown}
 x - a potion of mutation {unknown}


   Skills:
 + Level 4.8 Fighting
 + Level 5.3 Axes
 + Level 5.3 Armour
 + Level 4.4 Shields
 + Level 0.6 Unarmed Combat
 * Level 1.4 Invocations
 * Level 1.2 Evocations


You had 6 spell levels left.
You didn't know any spells.
Your spell library contained the following spells:

 Spells                   Type           Power      Damage    Failure   Level
 Gell's Gravitas          Tloc           0%         N/A       100%        3
 Portal Projectile        Hex/Tloc       0%         N/A       100%        3
 Teleport Other           Tloc           0%         N/A       100%        3
 Leda's Liquefaction      Hex/Erth       0%         N/A       100%        4
 Dispersal                Tloc           0%         N/A       100%        6
 Summon Small Mammal      Summ           Unusable   N/A       N/A         1
 Call Canine Familiar     Summ           Unusable   N/A       N/A         3

Dungeon Overview and Level Annotations

Branches:
Dungeon (6/15)             Temple (1/1) D:4

Altars:
Ashenzari
Cheibriados
Gozag
Kikubaaqudgha
Okawaru
Qazlal
Ru
Sif Muna
Vehumet
Wu Jian
Xom
Zin

Shops:
D:1 *   D:3 !


Innate Abilities, Weirdness & Mutations

You are immune to sickness and miasma.
Your stone body is resilient. (AC +4)
You are immune to poison.
You resist negative energy. (rN+)
You are resistant to electric shocks. (rElec)
You are resistant to unholy torment.
You are immune to petrification.


Message History

You slide downwards.
The hatch slams shut behind you.
Found a scroll of teleportation, a glowing orange potion and a hand axe.
Found an escape hatch in the floor.
The hound bites you.
* * * LOW HITPOINT WARNING * * *
The adder bites you but does no damage.
You closely miss the adder.
The adder is lightly wounded.
You hit the hound. You freeze the hound.
You kill the hound!
Okawaru accepts your kill. The adder closely misses you.
The adder completely misses you.
Unknown command.
You slash the adder! You freeze the adder.
You kill the adder!
Okawaru accepts your kill.
You closely miss the scorpion.
The sentinel's mark upon you fades away.
The scorpion barely misses you.
You barely miss the scorpion.
The scorpion stings you but does no damage. x2
You barely miss the scorpion. You block the scorpion's attack.
You closely miss the scorpion. The scorpion stings you.
* * * LOW HITPOINT WARNING * * *
The scorpion stings you but does no damage.
You slash the scorpion! You freeze the scorpion.
The scorpion is heavily wounded.
The scorpion stings you.
* * * LOW HITPOINT WARNING * * *
You closely miss the scorpion.
The scorpion is heavily wounded.
You block the scorpion's attack. x2
You barely miss the scorpion.
The scorpion is heavily wounded.
The scorpion stings you but does no damage.
You hit the scorpion but do no damage.
The scorpion is heavily wounded.
The scorpion stings you but does no damage.
The scorpion stings you.
You die...

#.. #.#>#
#... ..#.#
# #...
....#.
#... .)...
#.!.##...#
#........+
#........#
#......#
#...†@†#
#....s.+
#.?....#
#......#
#.....##
#.....#
#.....#
#####.#


You could see a scorpion.

Vanquished Creatures
  Sigmund (D:2)
  A black bear (D:5)
  An ogre (D:5)
  A necrophage (D:4)
  2 scorpions
  A hound (D:6)
  Ijyb (D:4)
  2 orc wizards (D:3)
  4 gnolls (D:3)
  5 adders
  2 worms
  2 dart slugs (D:1)
  11 orcs
  4 endoplasms
  A giant cockroach (D:2)
  9 goblins
  3 hobgoblins
  5 jackals
  2 quokkas (D:1)
  8 ball pythons
  3 bats
  2 frilled lizards
  7 kobolds
  4 rats
82 creatures vanquished.

Notes
Turn   | Place    | Note
-------+----------+-------------------------------------------
     0 | D:1      | bande the Gargoyle Fighter began the quest for the Orb.
     0 | D:1      | Reached XP level 1. HP: 14/14 MP: 1/1
   298 | D:1      | Reached XP level 2. HP: 11/19 MP: 2/2
   508 | D:1      | Found a faded altar of an unknown god.
   522 | D:1      | Got Plato's Incunabulum of the Entourage
   863 | D:1      | Reached XP level 3. HP: 24/24 MP: 3/3
   998 | D:1      | Found Xusuod's Assorted Antiques.
  1437 | D:2      | Noticed Sigmund
  1457 | D:2      | Killed Sigmund
  1458 | D:2      | Reached XP level 4. HP: 5/29 MP: 4/4
  1458 | D:2      | Reached XP level 5. HP: 6/33 MP: 5/5
  1945 | D:2      | Identified the +8 whip of Laceration {pain, Int+2}
  2056 | D:2      | Reached XP level 6. HP: 36/38 MP: 6/6
  2369 | D:3      | Identified the +10 dagger "Xeynu" {flame, Dex+4}
  2414 | D:3      | Found a shimmering altar of Xom.
  2709 | D:3      | Found Tiuroaw's Distillery.
  3692 | D:4      | Found an opulent altar of Gozag.
  4118 | D:4      | Reached XP level 7. HP: 44/44 MP: 7/7
  4141 | D:4      | Found the +7 staff of the Meek {protect, meekguard}
  4530 | D:4      | Noticed Ijyb
  4557 | D:5      | Entered Level 5 of the Dungeon
  4724 | D:4      | Killed Ijyb
  4725 | D:4      | Reached skill level 5 in Armour
  5018 | D:4      | Found a staircase to the Ecumenical Temple.
  5126 | Temple   | Entered the Ecumenical Temple
  5172 | Temple   | Became a worshipper of Warmaster Okawaru
  5407 | D:5      | Reached skill level 5 in Axes
  5435 | D:5      | Reached skill level 1 in Invocations
  5435 | D:5      | Reached skill level 1 in Evocations
  5463 | D:6      | Slain by a scorpion

Illustrated notes

Levels and vault maps discovered:
D:1:      psy_arrival_radial01, layout_loops_ring,
          shapermc_ecumenical_altar_rom_forum, serial_shops,
          nicolae_shop_overgrown_old_shop, minmay_misc_feat_nine_boxes
D:2:      layout_basic, uniq_sigmund
D:3:      layout_basic, mainiacjoe_overflow_24_doors, serial_shops, shop_statue,
          serial_aquarium, aquarium_bridge_square [aquarium_subvault_wall,
          aquarium_subvault_window, aquarium_subvault_bridge,
          aquarium_subvault_bridge], aquarium_bridge_long_separate
          [aquarium_subvault_balcony, aquarium_subvault_bridge,
          aquarium_subvault_window, aquarium_subvault_wall,
          aquarium_subvault_bridge, aquarium_subvault_bridge],
          aquarium_window_1, aquarium_window_corridor_3, aquarium_view_2c,
          aquarium_view_2b, aquarium_balcony_1b, nicolae_figureground_sparkle
D:4:      layout_gridville, nicolae_gozag_seed_capital,
          minmay_temple_entry_glassed_door, st_stairs_8,
          hangedman_decor_slide_cut, uniq_ijyb
D:5:      layout_basic, old_standard_altar, elyvilon_altar_3,
          mainiacjoe_overflow_six_doors_small, minmay_misc_feat_tower,
          uniq_crazy_yiuf_cottage
D:6:      layout_basic, mainiacjoe_overflow_brackets, tgw_fedhas,
          kennysheep_mini, amcnicky_altar_gilded, serial_shops,
          nicolae_shop_advertising_works [nicolae_subvault_shop_adworks],
          grunt_ministairs_11, kennysheep_generic_room_15
Temple:   compressed_dpeg_circular_temple

Skill      XL: |  1  2  3  4  5  6  7 |
---------------+----------------------+-----
Axes           | 2 3 4 5 |  5.3
Fighting       | 4 |  4.8
Armour         | 4 5 |  5.3
Shields        | 4 |  4.4
Invocations    | 1 |  1.4
Evocations     | 1 |  1.2
Unarmed Combat | |  0.6

Action                   |  1- 3 |  4- 6 |  7- 9 || total
-------------------------+-------+-------+-------++-------
Melee: War axe           |   114 |   183 |    39 ||   336
       Unarmed           |       |       |    18 ||    18
  Use: Potion            |     1 |       |       ||     1
       Scroll            |       |       |    12 ||    12
Armor: Scale mail        |    66 |       |       ||    66
       Chain mail        |    12 |   141 |    44 ||   197
       Skin              |       |       |     2 ||     2
Dodge: Dodged            |    61 |    64 |    33 ||   158
Block: Buckler           |    28 |    37 |    10 ||    75

Table legend: (Time is in decaauts)
 A = Elapsed time spent in this place.
 B = Non-inter-level travel time spent in this place.
 C = Inter-level travel time spent in this place.
 D = Time resting spent in this place.
 E = Time spent auto-exploring this place.
 F = Levels seen in this place.
 G = Mean time per level.
                   A        B        C        D        E       F      G
               +--------+--------+--------+--------+--------+-----+--------+
         Total |   5574 |   5477 |     97 |    951 |   3526 |   7 |  796.3 |
       Dungeon |   5448 |   5385 |     63 |    951 |   3448 |   6 |  908.0 |
        Temple |    125 |     91 |     34 |      0 |     78 |   1 |  125.0 |
               +--------+--------+--------+--------+--------+-----+--------+

Top non-repeatable levels by time:
     D:3: 1465 daAuts
     D:4: 1422 daAuts
     D:1: 1213 daAuts
     D:2: 1110 daAuts
     D:5: 223 daAuts
  Temple: 125 daAuts
     D:6: 13 daAuts
